 Dungeon Crawl Stone Soup version 0.32-a0-314-g526f7d4 (webtiles) character file.

Game seed: 2981615343045989219

643 Fuzzwah the Chopper (level 7, -4/91 HPs)
             Began as a Minotaur Berserker on Feb 15, 2024.
             Was a Believer of Trog.
             Succumbed to a gnoll's poison
             ... on level 4 of the Dungeon.
             The game lasted 00:07:57 (2435 turns).

Fuzzwah the Chopper (Minotaur Berserker)            Turns: 2435, Time: 00:07:57

Health: -4/91      AC: 10    Str: 24 (25) XL:     7   Next: 26%
Magic:  6/6        EV: 10    Int:  0 (3)  God:    Trog [**....]
Gold:   176        SH:  0    Dex: 11      Spells: 6/6 levels left

rFire   . . .        a - +0 hand axe
rCold   . . .        (no shield)
rNeg    . . .        p - +1 chain mail {Will+}
rPois   .            (helmet restricted)
rElec   .            (no cloak)
rCorr   .            (no gloves)
SInv    .            (no boots)
Will    +....        (no amulet) Stlth
                     (no ring)
HPRegen 0.35/turn    (no ring)
MPRegen 0.10/turn

%: no passive effects
@: berserking, lethally poisoned (-4 -> -52), weakened, slowed, lost
intelligence, unable to read
A: horns 2, retaliatory headbutt, strong 1, inability to read after injury 1
a: Renounce Religion, Berserk, Trog's Hand


You were on level 4 of the Dungeon.
You worshipped Trog.
Trog was pleased with you.
You visited 1 branch of the dungeon, and saw 4 of its levels.

You collected 176 gold pieces.


Innate Abilities, Weirdness & Mutations

You have a pair of horns on your head.
You reflexively headbutt those who attack you in melee.
Your muscles are strong. (Str +4, Int/Dex -1)
You occasionally lose the ability to read scrolls when taking damage.


   Skills:
 + Level 5.5 Fighting
 * Level 7.0 Axes
 + Level 4.8 Armour
 + Level 4.3 Dodging


You had 6 spell levels left.
You didn't know any spells.
Your spell library was empty.

Inventory:

Hand Weapons
 a - a +0 hand axe (weapon)
Armour
 j - a +8 chain mail of ponderousness
 p - a +1 chain mail of willpower (worn)
Jewellery
 I - a +6 ring of intelligence
 P - a ring of poison resistance
Wands
 m - a wand of paralysis (3)
Scrolls
 b - a scroll of teleportation {@r2}
 d - 3 scrolls of revelation
 e - a scroll of identify {@r1}
 i - a scroll of silence {!r}
Potions
 c - a potion of berserk rage {!q}
 k - a potion of curing {@q1}
 l - 2 potions of attraction
 n - a potion of degeneration
 o - a potion of heal wounds {@q2}

Dungeon Overview and Level Annotations

Branches:
Dungeon (4/15)             Temple (0/1) D:4

Altars:
Nemelex Xobeh

### .######.####### ..#
............... ..#
................ ..#
............... ..#
............... ..#
.####gg............ ..#
......).g.......... #####
.####.)@).......... .....
..........?......... #.###
#..######.........# ..#
#..# #.........# #.# #..#
#.........# #.## #..#
#.........#
...#####..#######.#......#
#..#.##.......# #.#......#
#..#.##.......# #.#......#


You could see a gnoll bouda and 2 gnolls.


Message History

* * * LOW HITPOINT WARNING * * *
You are more poisoned.
The gnoll hits you but does no damage. The adder bites you but does no damage.
The gnoll hits you with a +0 club.
* * * LOW HITPOINT WARNING * * *
You are too injured to fight recklessly!
You hit the gnoll bouda. You headbutt the gnoll bouda.
The gnoll bouda is severely wounded.
You hit the adder. You barely miss the gnoll.
* * * LOW HITPOINT WARNING * * *
You feel extremely sick. The gnoll bouda closely misses you.
The gnoll hits you from afar with a +1 spear of venom.
* * * LOW HITPOINT WARNING * * *
You are more poisoned.
The adder barely misses you.
The gnoll hits you from afar with a +0 halberd!
* * * LOW HITPOINT WARNING * * *
The gnoll hits you but does no damage.
You are too berserk!
You hit the gnoll bouda.
You headbutt the gnoll bouda, but do no damage.
The gnoll bouda is severely wounded.
You hit the adder.
You kill the adder!
Trog accepts your kill.
You slash the gnoll!
You kill the gnoll!
Trog accepts your kill.
You die...

Skill      XL: |  1  2  3  4  5  6 |
---------------+-------------------+-----
Axes           | 4 5 6 7 |  7.0
Fighting       | 4 5 |  5.5
Armour         | 3 4 |  4.8
Dodging        | 3 4 |  4.3

Action                     |  1- 3 |  4- 6 |  7- 9 || total
---------------------------+-------+-------+-------++-------
  Melee: Hand axe          |    59 |   108 |     7 ||   174
         Headbutt          |     7 |    17 |     2 ||    26
 Invoke: Berserk           |       |     2 |     1 ||     3
    Use: Scroll            |     3 |     4 |       ||     7
         Potion            |     3 |     6 |       ||     9
 Armour: Animal skin       |     5 |       |       ||     5
         Scale mail        |    17 |       |       ||    17
         Chain mail        |    30 |    85 |    22 ||   137
  Dodge: Dodged            |    36 |    70 |    10 ||   116

Levels and vault maps discovered:
D:1:      dpeg_chamrin_arrival_tetris, layout_basic
D:2:      layout_basic, hangedman_decor_peaks_small, small_statue_intersection
D:3:      layout_rooms, nemelex_dance_club_becter, basic_ecumenical_altar,
          hellmonk_ghost_happy_afterlife, glass_columns_b, uniq_terence,
          uniq_jessica
D:4:      layout_basic, minmay_temple_entry_slanted, minmay_cut_off,
          uniq_eustachio

Notes
Turn   | Place    | Note
-------+----------+-------------------------------------------
     0 | D:1      | Fuzzwah the Minotaur Berserker began the quest for the Orb.
     0 | D:1      | Reached XP level 1. HP: 19/19 MP: 0/0
   247 | D:1      | Reached XP level 2. HP: 27/27 MP: 1/1
   271 | D:1      | Reached skill level 4 in Axes
   491 | D:1      | Reached XP level 3. HP: 33/33 MP: 2/2
   684 | D:1      | Reached skill level 4 in Fighting
   957 | D:2      | Reached skill level 3 in Armour
   965 | D:2      | Reached ** piety under Trog
  1073 | D:2      | Reached XP level 4. HP: 31/40 MP: 3/3
  1399 | D:2      | Reached skill level 3 in Dodging
  1540 | D:3      | Found a faded altar of an unknown god.
  1542 | D:3      | Reached skill level 5 in Axes
  1584 | D:3      | Noticed Jessica
  1588 | D:3      | Killed Jessica
  1589 | D:3      | Reached XP level 5. HP: 47/47 MP: 4/4
  1634 | D:3      | Found a runed translucent door.
  1636 | D:3      | Noticed CumLord's ghost (amateur AtFi)
  1826 | D:3      | Noticed Terence
  1834 | D:3      | Killed Terence
  1966 | D:3      | Found a sparkling altar of Nemelex Xobeh.
  2100 | D:3      | Killed CumLord's ghost
  2101 | D:3      | Reached skill level 6 in Axes
  2101 | D:3      | Reached skill level 4 in Armour
  2101 | D:3      | Reached XP level 6. HP: 30/55 MP: 5/5
  2113 | D:3      | Lost intelligence.
  2113 | D:3      | Gained mutation: Your muscles are strong. (Str +4, Int/Dex
                  | -1) [potion of mutation]
  2113 | D:3      | Gained mutation: You occasionally lose the ability to read
                  | scrolls when taking damage. [potion of mutation]
  2200 | D:4      | Reached skill level 5 in Fighting
  2270 | D:4      | Reached skill level 4 in Dodging
  2318 | D:4      | Noticed Eustachio
  2327 | D:4      | Killed Eustachio
  2328 | D:4      | Reached skill level 7 in Axes
  2328 | D:4      | Reached XP level 7. HP: 44/61 MP: 6/6
  2411 | D:4      | Found a staircase to the Ecumenical Temple.
  2434 | D:4      | HP: 6/91 [gnoll/+0 halberd[a gnoll bouda] (7)]
  2435 | D:4      | Succumbed to a gnoll's poison

Vanquished Creatures
  Eustachio (D:4)
  The ghost of CumLord the Covered, an amateur AtFi (D:3)
  A scorpion (D:4)
  An orc priest (D:4)
  A hound (D:4)
  Terence (D:3)
  Jessica (D:3)
  An iguana (D:4)
  2 gnolls (D:4)
  8 adders
  2 dart slugs
  A ribbon worm (D:2)
  5 orcs
  10 endoplasms
  A giant cockroach (D:1)
  7 goblins
  5 hobgoblins
  7 jackals
  2 quokkas
  6 ball pythons
  A bat (D:2)
  6 frilled lizards
  4 kobolds
  6 rats
81 creatures vanquished.

Table legend: (Time is in decaauts)
 A = Elapsed time spent in this place.
 B = Non-inter-level travel time spent in this place.
 C = Inter-level travel time spent in this place.
 D = Time resting spent in this place.
 E = Time spent auto-exploring this place.
 F = Levels seen in this place.
 G = Mean time per level.
                   A        B        C        D        E       F      G
               +--------+--------+--------+--------+--------+-----+--------+
         Total |   2597 |   2503 |     94 |    102 |   1863 |   4 |  649.2 |
       Dungeon |   2597 |   2503 |     94 |    102 |   1863 |   4 |  649.2 |
               +--------+--------+--------+--------+--------+-----+--------+

Top non-repeatable levels by time:
     D:1: 874 daAuts
     D:2: 671 daAuts
     D:3: 653 daAuts
     D:4: 398 daAuts

Table legend:
 A = Non-vault XP
 B = Vault XP
 C = Vault XP percentage of total XP
 D = Non-vault monster count
 E = Vault monster count
 F = Vault count percentage of total count
                 A         B        C        D         E       F
            +---------+---------+-------+---------+---------+-------
      Total |     515 |     433 |  45.7 |      73 |       8 |   9.9
            +---------+---------+-------+---------+---------+-------
        D:1 |      50 |       0 |   0.0 |      18 |       0 |   0.0
        D:2 |      98 |       0 |   0.0 |      27 |       0 |   0.0
        D:3 |      80 |     206 |  72.0 |      12 |       5 |  29.4
        D:4 |     287 |     227 |  44.2 |      16 |       3 |  15.8
            +---------+---------+-------+---------+---------+-------
